 Dungeon Crawl Stone Soup version 0.30-a0-585-g93115170b9 (webtiles) character file.

Game seed: 5289427825690124006

6133 lunkers the Fencer (level 11, -22/94 HPs)
             Began as a Meteoran Gladiator on Jan 2, 2023.
             Was an Elder of Ashenzari.
             Killed from afar by an efreet (26 damage)
             ... with a bolt of fire
             ... in a volcano.
             The game lasted 00:11:45 (4896 turns).

lunkers the Fencer (Meteoran Gladiator)             Turns: 4896, Time: 00:11:46

Health: -22/94     AC: 19    Str: 25    XL:     11   Next: 34%
Magic:  0/12       EV: 15    Int: 11    God:    Ashenzari [****..]
Gold:   506        SH:  0    Dex: 21    Spells: 10/10 levels left

rFire   . . .      SeeInvis +    a - +4 double sword (protect)
rCold   . . .      Faith    .    v - orb "Discomfort of Ashenzari" {light, Comp, Evo} (curse)
rNeg    . . .      Spirit   +    f - +0 ring mail "Loss of the Lashed God" {Bglg, Evo} (curse)
rPois   .          Reflect  .    u - +1 helmet
rElec   .          Harm     .    h - scarf "I Knew You'd Do That" {repulsion, Evo, Elem} (curse)
rCorr   .          Rampage  .    M - -1 pair of gloves "Zegot" {Dex+5}
Will    +....      Clarity  +    (no boots)
Stlth   +                        C - amulet "I Foresaw This" {Spirit, Bglg, Evo} (curse)
HPRegen 0.35/turn                m - ring of Ashenzari's Ordeal {Str+6, Evo, Bglg} (curse)
MPRegen 0.13/turn                l - ring of Ashenzari's Moon {AC+4, Evo, Self} (curse)

@: mighty, under a protective aura, glowing, repel missiles
A: sense surroundings 2, otherworldly, glowing, explore regen
a: Renounce Religion, Shatter the Chains


You were in a volcano.
You worshipped Ashenzari.
Ashenzari was greatly pleased with you.
You visited 3 branches of the dungeon, and saw 11 of its levels.
You also visited: Sewer and Volcano.

You collected 506 gold pieces.

Inventory:

Hand Weapons
 a - a +4 double sword of protection (weapon)
 d - a +0 long sword
 r - a +0 dagger of distortion
 D - a +4 scimitar of freezing
 L - the +7 dagger of the Fulmar {flame, rF++}
   (You found it on level 9 of the Dungeon)

   It burns those it strikes, dealing additional fire damage.
   rF:        It greatly protects you from fire.
Missiles
 e - a javelin
 A - 4 datura-tipped darts
 G - a throwing net
Armour
 f - the cursed +0 ring mail "Loss of the Lashed God" (worn) {Bglg, Evo}
   (You found it on level 1 of the Dungeon)

   It has a curse which improves the following skills: Beguiling: Conjurations,
   Hexes and Translocations.
   Evocations: Evocations.
 h - the cursed scarf "I Knew You'd Do That" (worn) {repulsion, Evo, Elem}
   (You found it on level 1 of the Dungeon)

   It has a curse which improves the following skills: Evocations: Evocations.
   Elements:  Fire Magic, Ice Magic, Air Magic and Earth Magic.
 u - a +1 helmet (worn)
 v - the cursed orb "Discomfort of Ashenzari" (worn) {light, Comp, Evo}
   (You found it on level 5 of the Dungeon)

   It has a curse which improves the following skills: Companions: Summonings
   and Necromancy.
   Evocations: Evocations.
 F - a scarf of repulsion
 M - the -1 pair of gloves "Zegot" (worn) {Dex+5}
   (You found it on level 1 of the Lair of Beasts)

   Dex:       It affects your dexterity (+5).
 N - a +2 helmet
Jewellery
 l - the cursed ring of Ashenzari's Moon (right hand) {AC+4, Evo, Self}
   (You found it on level 5 of the Dungeon)

   [ring of protection]

   AC:        It affects your AC (+4).
   It has a curse which improves the following skills: Evocations: Evocations.
   Introspection: Fighting and Spellcasting.
 m - the cursed ring of Ashenzari's Ordeal (left hand) {Str+6, Evo, Bglg}
   (You found it on level 5 of the Dungeon)

   [ring of strength]

   Str:       It affects your strength (+6).
   It has a curse which improves the following skills: Evocations: Evocations.
   Beguiling: Conjurations, Hexes and Translocations.
 C - the cursed amulet "I Foresaw This" (around neck) {Spirit, Bglg, Evo}
   (You found it on level 7 of the Dungeon)

   [amulet of guardian spirit]

   It causes incoming damage to be divided between your reserves of health and
   magic.
   It has a curse which improves the following skills: Beguiling: Conjurations,
   Hexes and Translocations.
   Evocations: Evocations.
 I - an amulet of magic regeneration
 K - a ring of positive energy
Wands
 c - a wand of flame (27)
 o - a wand of charming (9)
 p - a wand of polymorph (13)
 J - a wand of mindburst (1)
Scrolls
 x - a scroll of teleportation
 y - a scroll of amnesia
 z - a scroll of enchant armour
 B - 2 scrolls of blinking
 E - a scroll of fog
 H - a scroll of fear
Potions
 b - 2 potions of heal wounds
 g - 3 potions of haste
 i - 2 potions of magic
 j - a potion of mutation
 k - a potion of flight
 n - a potion of cancellation
 q - 4 potions of invisibility
 s - 3 potions of curing
 t - a potion of might
 w - 5 potions of brilliance


   Skills:
 + Level 5.9(7.9) Fighting
 - Level 16.0 Long Blades
 - Level 2.4 Throwing
 + Level 4.9 Armour
 + Level 6.3 Dodging
 - Level 4.7(10.4) Evocations


You had 10 spell levels left.
You didn't know any spells.
Your spell library contained the following spells:

 Spells                   Type           Power      Damage    Failure   Level
 Gell's Gravitas          Tloc           1%         N/A       77%         3
 Teleport Other           Tloc           1%         N/A       77%         3
 Leda's Liquefaction      Hex/Erth       0%         N/A       99%         4
 Summon Ice Beast         Ice/Summ       0%         N/A       99%         4
 Summon Lightning Spire   Summ/Air       0%         N/A       99%         4
 Lee's Rapid Deconstruct  Erth           0%         3d4*      100%        5
 Summon Mana Viper        Hex/Summ       0%         N/A       100%        5
 Dispersal                Tloc           0%         N/A       100%        6
 Statue Form              Tmut/Erth      0%         N/A       100%        6
 Monstrous Menagerie      Summ           0%         N/A       100%        7
 Storm Form               Tmut/Air       0%         N/A       100%        7
 Maxwell's Capacitive Co  Air            0%         ∞         100%        8


Dungeon Overview and Level Annotations

Branches:
Dungeon (9/15) Zot: 1295   Temple (1/1) D:4 Zot: 385    Lair (1/5) D:9 Zot: 484
  Sewer (visited)         Volcano (1/1) Zot: 415
    Orc: D:9-12

Altars:
Ashenzari
Cheibriados
Dithmenos
Elyvilon
Fedhas
Gozag
Hepliaklqana
Kikubaaqudgha
Nemelex Xobeh
Okawaru
Qazlal
Ru
Sif Muna
Trog
Uskayaw
Vehumet
Wu Jian
Xom
Zin
The Shining One

Shops:
D:4 ?   D:8 [


Innate Abilities, Weirdness & Mutations

You passively map the area around you.
You are easily found by Zot.
You glow in the dark.
You regain HP and MP as you explore.


Message History

You slash the fire elemental!
The fire elemental is moderately damaged.
The fire elemental hits you. The fire elemental burns you!
You barely miss the fire elemental.
The fire elemental is moderately damaged.
You slash the fire elemental!
The fire elemental is severely damaged.
The fire elemental hits you. The fire elemental burns you!
* * * LOW HITPOINT WARNING * * *
You slice the fire elemental!!
You destroy the fire elemental!
Aiming: Mindburst
Press: ? - help, Shift-Dir - straight line, f - efreet
Aim: an efreet, wielding a +2 scimitar of flaming (haloed, chance to affect: 90%)
The efreet's mind is blasted!!
You hit the stone giant but do no damage.
The stone giant hits you!
* * * LOW HITPOINT WARNING * * *
You slice the stone giant!!
The stone giant is moderately wounded.
The stone giant hits you but does no damage.
Unknown command.
You slice the stone giant!!
The stone giant is heavily wounded.
You slash the stone giant!
The stone giant is severely wounded.
The stone giant hits you!!
* * * LOW HITPOINT WARNING * * *
You hit the stone giant.
The stone giant is almost dead.
The stone giant hits you!!
* * * LOW MAGIC WARNING * * *
* * * LOW HITPOINT WARNING * * *
Unknown command.
You slash the stone giant!
You kill the stone giant!
The efreet gestures at you. The bolt of fire hits you!!
* * * LOW MAGIC WARNING * * *
You die...

* , , , .. * , #..,
#... * ########### #..#
* ###......#..# *#..#+
.#§§≈§§≈....#### #..# ,
..≈§§≈≈≈≈.....8###).#*,
,,
≈§≈≈§§≈≈§§.§....@(R∩#∆
8 ≈≈≈≈§≈≈§≈§.§..8###°.#
* * ≈≈§≈≈§§§§≈§§.###
*#..# , §≈§§§§≈§≈§≈...#
#..# , ≈§≈≈§≈§§≈§≈≈..##
#..# ,
§≈≈≈§≈§≈≈§≈§≈..### *
#...
§§§≈≈≈≈§≈≈§§§≈...#,,
#.○☼
§≈≈≈≈≈≈§≈≈§§§§...#∆
,.., §≈≈≈§§≈§§≈§§§...##
, ** ,


You could see an efreet.

Vanquished Creatures
  A stone giant (Volcano)
  A gargoyle (Volcano)
  4 cane toads (Lair:1)
  2 komodo dragons (Lair:1)
  A fire elemental (Volcano)
  A basilisk (Lair:1)
  7 fire bats (Volcano)
  A water moccasin (D:9)
  An ice beast (D:6)
  A sky beast (D:7)
  2 ogres
  A phantom (D:5)
  3 kobold brigands
  3 bullfrogs
  A gnoll sergeant (D:8)
  2 necrophages (D:7)
  2 earth elementals (Volcano)
  5 scorpions
  6 wights
  5 killer bees (D:9)
  2 howler monkeys
  7 lava snakes (Volcano)
  A gnoll bouda (D:7)
  An orc priest (D:5)
  A hound (D:4)
  A jelly (D:8)
  4 iguanas
  Terence (D:2)
  Ijyb (D:4)
  3 orc wizards
  Robin (D:3)
  6 gnolls
  4 adders
  2 shadow imps (D:7)
  A white imp (D:8)
  2 ufetubi (D:4)
  A worm (D:2)
  3 dart slugs
  10 orcs
  8 bats
  8 endoplasms
  5 giant cockroaches
  13 goblins
  5 hobgoblins
  6 quokkas
  10 ball pythons
  5 frilled lizards
  34 kobolds
  12 rats
208 creatures vanquished.

Vanquished Creatures (others)
  A fungus (Lair:1)
  A plant (Lair:1)
2 creatures vanquished.

Grand Total: 210 creatures vanquished

Notes
Turn   | Place    | Note
-------+----------+-------------------------------------------
     0 | D:1      | lunkers the Meteoran Gladiator began the quest for the Orb.
     0 | D:1      | Reached XP level 1. HP: 17/17 MP: 2/2
    99 | D:1      | Reached skill level 4 in Long Blades
   143 | D:1      | Reached XP level 2. HP: 24/24 MP: 3/3
   282 | D:1      | Reached XP level 3. HP: 29/29 MP: 4/4
   369 | D:2      | Reached skill level 5 in Long Blades
   425 | D:2      | Noticed Terence
   437 | D:2      | Killed Terence
   438 | D:2      | Reached XP level 4. HP: 34/36 MP: 5/5
   603 | D:2      | Reached skill level 6 in Long Blades
   753 | D:3      | Reached XP level 5. HP: 18/41 MP: 6/6
  1081 | D:3      | Noticed Robin
  1089 | D:3      | Killed Robin
  1096 | D:3      | Reached skill level 7 in Long Blades
  1271 | D:4      | Reached XP level 6. HP: 40/48 MP: 7/7
  1377 | D:4      | Found Totiun's Magic Scroll Shop.
  1534 | D:4      | Noticed Ijyb
  1547 | D:4      | Killed Ijyb
  1549 | D:4      | Reached skill level 8 in Long Blades
  1675 | D:4      | Found a staircase to the Ecumenical Temple.
  1700 | Temple   | Entered the Ecumenical Temple
  1869 | Temple   | Identified a scroll of acquirement
  1869 | Temple   | Acquired a +3 double sword of protection
  1895 | Temple   | Became a worshipper of Ashenzari the Shackled
  1929 | D:5      | Entered Level 5 of the Dungeon
  1953 | D:5      | Reached skill level 1 in Evocations
  1953 | D:5      | Reached XP level 7. HP: 39/55 MP: 8/8
  1985 | D:5      | Found a glowing drain.
  2019 | Sewer    | Entered a sewer
  2283 | D:5      | Identified the +5 hand axe of Duty {venom, Str+2}
  2365 | D:5      | Reached skill level 9 in Long Blades
  2386 | D:5      | Reached XP level 8. HP: 56/61 MP: 9/9
  2817 | D:6      | Reached skill level 10 in Long Blades
  2817 | D:6      | Reached * piety under Ashenzari
  2993 | D:6      | Reached skill level 11 in Long Blades
  3210 | D:6      | Reached ** piety under Ashenzari
  3229 | D:6      | Gained mutation: You passively map the area around you.
                  | [Meteoran growth]
  3229 | D:6      | Reached XP level 9. HP: 56/67 MP: 10/10
  3236 | D:6      | Reached skill level 12 in Long Blades
  3668 | D:7      | Reached skill level 13 in Long Blades
  4118 | D:8      | Found Cheibriados's Comfort Zone.
  4120 | D:8      | Found a snail-covered altar of Cheibriados.
  4187 | D:8      | Reached skill level 14 in Long Blades
  4292 | D:9      | Reached XP level 10. HP: 54/73 MP: 11/11
  4318 | D:9      | Reached *** piety under Ashenzari
  4324 | D:9      | Identified the +0 leather armour of Nuacha {rElec Will-
                  | Regen+ Str-2}
  4490 | D:9      | Found a staircase to the Lair.
  4528 | D:9      | Identified the +7 dagger of the Fulmar {flame, rF++}
  4568 | Lair:1   | Entered Level 1 of the Lair of Beasts
  4568 | Lair:1   | Noticed a cane toad
  4568 | Lair:1   | Identified the -1 pair of gloves "Zegot" {Dex+5}
  4574 | Lair:1   | Killed a cane toad
  4575 | Lair:1   | Reached skill level 15 in Long Blades
  4580 | Lair:1   | Reached **** piety under Ashenzari
  4582 | Lair:1   | Noticed a komodo dragon
  4594 | Lair:1   | Killed a komodo dragon
  4618 | Lair:1   | Noticed a cane toad
  4626 | Lair:1   | Killed a cane toad
  4630 | Lair:1   | Noticed a cane toad
  4635 | Lair:1   | Killed a cane toad
  4636 | Lair:1   | Reached skill level 16 in Long Blades
  4642 | Lair:1   | Noticed a cane toad
  4648 | Lair:1   | Killed a cane toad
  4649 | Lair:1   | Reached skill level 1 in Armour
  4674 | Lair:1   | Noticed a komodo dragon
  4681 | Lair:1   | Killed a komodo dragon
  4684 | Lair:1   | Found a dark tunnel.
  4691 | Volcano  | Entered a volcano
  4723 | Volcano  | Reached XP level 11. HP: 75/91 MP: 9/12
  4724 | Volcano  | Reached skill level 5 in Dodging
  4732 | Volcano  | Reached skill level 5 in Fighting
  4879 | Volcano  | Noticed a stone giant
  4895 | Volcano  | HP: 4/94 [stone giant (24)]
  4896 | Volcano  | Killed a stone giant
  4896 | Volcano  | Killed from afar by an efreet

Illustrated notes

Levels and vault maps discovered:
D:1:      lightli_arrival_flooded_house, layout_loops_ring, serial_shops,
          nicolae_shop_overgrown_old_shop
D:2:      layout_basic, uniq_terence
D:3:      layout_loops_cross, minmay_door_square, amethyst_killhole,
          grunt_decor_cap, minmay_misc_feat_square, uniq_grinder, uniq_robin
D:4:      layout_basic, demons_altar, minmay_temple_entry_tees, serial_shops,
          nicolae_shop_behind_doors, uniq_ijyb
D:5:      minmay_chambers_of_threes, layout_cave_pods,
          yredelemnul_forgotten_temple_becter, portal_sewer_entry_f,
          grunt_decor_junction
D:6:      layout_loops_ring
D:7:      layout_basic
D:8:      layout_cave_pools, minmay_shop_chei
D:9:      layout_roguey, lair_entry_dummy
Temple:   nicolae_temple_slightly_damp_pantheon
Lair:1:   layout_misc_corridors, nicolae_volcano_entry_s_turn, minivault_11
Volcano:  volcano_grotto [vgs_dualism]

Skill      XL: |  1  2  3  4  5  6  7  8  9 10 11 |
---------------+----------------------------------+-----
Long Blades    | 4 5 6 7 8 9 11 14 16 | 16.0
Evocations     | 1 3 4 |  4.7
Fighting       | 4 5 |  5.9
Armour         | 2 4 |  4.9
Dodging        | 4 6 |  6.3
Throwing       | |  2.4

Action                   |  1- 3 |  4- 6 |  7- 9 | 10-12 || total
-------------------------+-------+-------+-------+-------++-------
Melee: Long sword        |    62 |   155 |       |       ||   217
       Punch             |     1 |     3 |     1 |       ||     5
       Double sword      |       |     9 |   250 |   122 ||   381
Throw: Throwing net      |     1 |     2 |       |       ||     3
Invok: Curse Item        |       |       |     4 |     2 ||     6
Evoke: Wand              |       |       |       |     1 ||     1
  Use: Scroll            |       |     6 |     1 |       ||     7
       Potion            |       |       |       |     2 ||     2
 Stab: Held in net/web   |     2 |     2 |       |       ||     4
Armor: Leather armour    |     5 |       |       |       ||     5
       Ring mail         |    23 |    63 |   151 |    54 ||   291
Dodge: Dodged            |    25 |    83 |   149 |    84 ||   341
       Repelled          |       |     3 |       |     5 ||     8

Table legend: (Time is in decaauts)
 A = Elapsed time spent in this place.
 B = Non-inter-level travel time spent in this place.
 C = Inter-level travel time spent in this place.
 D = Time resting spent in this place.
 E = Time spent auto-exploring this place.
 F = Levels seen in this place.
 G = Mean time per level.
                   A        B        C        D        E       F      G
               +--------+--------+--------+--------+--------+-----+--------+
         Total |   4894 |   4683 |    211 |      0 |   3147 |  13 |  376.5 |
       Dungeon |   4104 |   3923 |    181 |      0 |   2833 |   9 |  456.0 |
        Temple |    214 |    184 |     30 |      0 |    147 |   1 |  214.0 |
          Lair |    115 |    115 |      0 |      0 |      8 |   1 |  115.0 |
         Sewer |    276 |    276 |      0 |      0 |    140 |   1 |  276.0 |
       Volcano |    184 |    184 |      0 |      0 |     19 |   1 |  184.0 |
               +--------+--------+--------+--------+--------+-----+--------+

Top non-repeatable levels by time:
     D:6: 632 daAuts
     D:5: 606 daAuts
     D:3: 575 daAuts
     D:7: 482 daAuts
     D:4: 452 daAuts
     D:2: 402 daAuts
     D:9: 336 daAuts
     D:8: 315 daAuts
     D:1: 301 daAuts
   Sewer: 276 daAuts
  Temple: 214 daAuts
 Volcano: 184 daAuts
  Lair:1: 115 daAuts
